 Dungeon Crawl Stone Soup version 0.26-b1-32-g5d43845318 (webtiles) character file.

Game seed: 16635777355081755897

368 Borgoz the Cudgeller (level 6, -10/37 HPs)
             Began as a Gargoyle Gladiator on Jan 11, 2021.
             Killed from afar by an ice beast (22 damage)
             ... with an exploding inner flame
             ... on level 5 of the Dungeon.
             The game lasted 00:03:19 (3639 turns).

Borgoz the Cudgeller (Gargoyle Gladiator)           Turns: 3639, Time: 00:03:20

Health: -10/37     AC: 12    Str: 17    XL:     6   Next: 69%
Magic:  6/6        EV: 12    Int:  9    God:
Gold:   242        SH:  0    Dex: 13    Spells: 5/5 levels left

rFire    . . .     SeeInvis .   o - +0 whip (elec)
rCold    . . .     Faith    .   (no shield)
rNeg     + + .     Spirit   .   k - +0 ring mail
rPois    ∞         Reflect  .   c - +0 helmet
rElec    +         Harm     .   r - +0 cloak
rCorr    .         Rampage  .   (no gloves)
Will     .....                  (no boots)
Stlth    +.........             (no amulet)
HPRegen  0.12/turn              q - ring of positive energy
MPRegen  0.10/turn              (no ring)

@: no status effects
A: negative energy resistance 1, electricity resistance, unbreathing,
petrification resistance, miasma immunity, AC +4
a: no special abilities


You were on level 5 of the Dungeon.
You visited 1 branch of the dungeon, and saw 5 of its levels.

You collected 242 gold pieces.

Inventory:

Hand Weapons
 o - a +0 whip of electrocution (weapon)
Missiles
 d - 3 throwing nets (quivered)
Armour
 c - a +0 helmet (worn)
 k - a +0 ring mail (worn)
 r - a +0 cloak (worn)
Jewellery
 q - a ring of positive energy (left hand)
Scrolls
 b - 3 scrolls of enchant weapon {unknown}
 f - 2 scrolls of blinking {unknown}
 g - 2 scrolls of magic mapping {unknown}
 j - 3 scrolls of teleportation
 l - 3 scrolls of fear {unknown}
 p - a scroll of fog {unknown}
 s - a scroll of enchant armour {unknown}
 v - 3 scrolls of remove curse {unknown}
 y - a scroll of random uselessness {unknown}
Potions
 a - a potion of flight {unknown}
 h - a potion of magic {unknown}
 i - 2 potions of might {unknown}
 m - a potion of lignification
 n - a potion of ambrosia
 t - a potion of berserk rage {unknown}
 u - 2 potions of attraction
 w - a potion of heal wounds
 x - a potion of degeneration
 z - a potion of resistance
 A - a potion of cancellation {unknown}
 B - a potion of curing {unknown}


   Skills:
 + Level 3.6 Fighting
 * Level 4.8 Maces & Flails
 - Level 1.7 Throwing
 + Level 2.5 Armour
 * Level 4.0 Dodging


You had 5 spell levels left.
You didn't know any spells.
Your spell library contained the following spells:

 Spells                   Type           Power        Failure   Level
 Animate Skeleton         Necr           0%           58%         1
 Apportation              Tloc           0%           58%         1
 Corona                   Hex            0%           58%         1
 Summon Small Mammal      Summ           0%           58%         1


Dungeon Overview and Level Annotations

Branches:
Dungeon (5/15)
 Temple: D:4-7

Altars:
Cheibriados
Dithmenos
Qazlal
Vehumet
Xom


Innate Abilities, Weirdness & Mutations

You are resistant to torment.
Your stone body is resilient. (AC +4)
You are immune to poison.
You resist negative energy. (rN+)
You are resistant to electric shocks. (rElec)
You can survive without breathing.
You are immune to petrification.
You are immune to miasma.


Message History

Unknown command.
You hit the orc but do no damage.
The orc is severely wounded.
The orc closely misses you.
You closely miss the orc.
The orc is severely wounded.
The orc hits you but does no damage. The orc closely misses you.
The orc barely misses you.
As you read the scroll of identify, it crumbles to dust.
j - 3 scrolls of teleportation You hit the orc.
Lightning courses through the orc!
The orc explodes!
The fiery explosion engulfs you!!
Ouch! That really hurt!
The fiery explosion engulfs the ice beast!!!
The ice beast melts!
The ice beast explodes!
The fiery explosion engulfs you!!
Ouch! That really hurt!
You die...

... #.....#####.....#'####....
..######.....# #.....#...##....
..#..........# #.....#...##....
..#..........# #.....#...##....
oh#..........# #.....#.........
..#..........# #.....#.........
#o#..........#####.....#........)
..o......o.o..§§§......#...##....
...#####.....o§§@......#...######
...# #....h..§§......#.........
...# #...............#.........
...# #...............#.........
...# #...............#+#####...
#### ##+#############......###'
#......#... #......'...
#......#...


You could see a hound (inner flame) and 3 orcs.

Vanquished Creatures
  An ice beast (D:5)
  A phantom (D:4)
  A howler monkey (D:4)
  A hound (D:5)
  3 worker ants (D:4)
  4 adders
  A gnoll (D:1)
  2 oozes
  A worm (D:2)
  5 dart slugs
  2 leopard geckos (D:3)
  3 orcs
  6 bats
  2 giant cockroaches
  4 goblins
  14 hobgoblins
  9 kobolds
  2 quokkas
  A ball python (D:4)
  2 frilled lizards (D:1)
  A leopard gecko skeleton (D:4)
  10 rats
76 creatures vanquished.

Notes
Turn   | Place    | Note
-------+----------+-------------------------------------------
     0 | D:1      | Borgoz the Gargoyle Gladiator began the quest for the Orb.
     0 | D:1      | Reached XP level 1. HP: 12/12 MP: 1/1
   192 | D:1      | Reached XP level 2. HP: 11/17 MP: 2/2
   454 | D:1      | Reached skill level 1 in Armour
   454 | D:1      | Reached XP level 3. HP: 14/22 MP: 3/3
  1249 | D:2      | Found a shadowy altar of Dithmenos.
  1567 | D:2      | Found a snail-covered altar of Cheibriados.
  1639 | D:2      | Reached XP level 4. HP: 27/27 MP: 4/4
  2016 | D:3      | Found a radiant altar of Vehumet.
  2379 | D:3      | Reached XP level 5. HP: 28/32 MP: 5/5
  2564 | D:3      | Found a shimmering altar of Xom.
  2565 | D:3      | Found a shimmering altar of Xom.
  3228 | D:4      | Noticed a phantom
  3247 | D:4      | Killed a phantom
  3248 | D:4      | Reached XP level 6. HP: 35/37 MP: 6/6
  3274 | D:4      | Found a stormy altar of Qazlal.
  3460 | D:5      | Entered Level 5 of the Dungeon
  3618 | D:5      | Noticed an ice beast
  3639 | D:5      | Killed an ice beast
  3639 | D:5      | Killed from afar by an ice beast

Illustrated notes

Levels and vault maps discovered:
D:1:      matt_arrival_los_fun, layout_loops_ring
D:2:      layout_loops_ring, lemuel_coloured_pillars_altar,
          grunt_dithmenos_smoke_and_mirrors
D:3:      layout_loops_ring, vehumet_crystals, xom_redecorated,
          lightli_corner_chamber
D:4:      layout_basic, old_standard_altar
D:5:      layout_gridville

Skill      XL: |  1  2  3  4  5  6 |
---------------+-------------------+-----
Armour         | 1 2 |  2.5
Dodging        | 3 4 |  4.0
Maces & Flails | 4 |  4.8
Fighting       | 3 |  3.6
Throwing       | |  1.7

Action                   |  1- 3 |  4- 6 || total
-------------------------+-------+-------++-------
Melee: Flail             |   131 |     7 ||   138
       Whip              |       |   139 ||   139
  Use: Scroll            |     1 |     8 ||     9
Armor: Leather armour    |    43 |       ||    43
       Ring mail         |    26 |    43 ||    69
Dodge: Dodged            |   106 |    91 ||   197
